 Dungeon Crawl Stone Soup version 0.25-a0-707-g603da076d2 (webtiles) character file.

Game seed: 14745220221364852903, levelgen mode: deterministic

2493 sanka the Gouger (level 9, 40/40 HPs)
             Began as a Felid Wanderer on Apr 4, 2020.
             Was a Believer of Okawaru.
             Quit the game on level 8 of the Dungeon.
             The game lasted 00:20:51 (11778 turns).

sanka the Gouger (Felid Wanderer)                  Turns: 11778, Time: 00:20:51

Health: 40/40      AC:  5    Str:  5    XL:     9   Next: 27%
Magic:  13/13      EV: 28    Int: 17    God:    Okawaru [**....]
Gold:   94         SH:  0    Dex: 22    Spells: 8/8 levels left
                                        Lives:  1   Deaths: 1

rFire    . . .     SeeInvis +     - Unarmed
rCold    . . .     Gourm    .   (shield unavailable)
rNeg     . . .     Faith    .   (armour unavailable)
rPois    .         Spirit   .   (helmet unavailable)
rElec    .         Reflect  .   (cloak unavailable)
rCorr    .         Harm     .   (gloves unavailable)
MR       +....                  (boots unavailable)
Stlth    +++.......             (no amulet)
HPRegen  0.13/turn              l - +3 ring of dexterity
MPRegen  0.13/turn              v - +3 ring of protection

@: quick
A: very small, no armour, no weapons or thrown items, stealth, claws 1, fangs 3,
see invisible, carnivore, speed 1, shaggy fur 2, slow metabolism 1, sharp paws
a: Heroism, Renounce Religion


You were on level 8 of the Dungeon.
You worshipped Okawaru.
Okawaru was pleased with you.
You were not hungry.

You visited 2 branches of the dungeon, and saw 9 of its levels.

You collected 433 gold pieces.
You spent 339 gold pieces at shops.


Innate Abilities, Weirdness & Mutations

You cannot wear armour.
You are incapable of wielding weapons or throwing items.
Your paws allow you to move quietly. (Stealth)
You have sharp claws.
You have razor-sharp teeth.
You have supernaturally acute eyesight. (SInv)
You are carnivorous and can eat meat at any time.
You cover ground quickly.
You are covered in thick fur. (AC +2)
You have a slow metabolism.
Your sharp claws are effective at attacking unaware monsters.


   Skills:
 + Level 5.4 Fighting
 * Level 9.8 Dodging
 - Level 4.0 Stealth
 + Level 11.2 Unarmed Combat
 + Level 2.8 Invocations
 - Level 5.0 Evocations


You had 8 spell levels left.
You didn't know any spells.
Your spell library contained the following spells:

 Spells                   Type           Power        Failure   Level  Hunger
 Magic Dart               Conj           #...         24%         1    ##.....
 Blink                    Tloc           N/A          34%         2    ###....
 Call Imp                 Summ           #.......     34%         2    ###....
 Poisonous Vapours        Pois/Air       #.....       34%         2    ###....
 Slow                     Hex            #.......     34%         2    ###....
 Conjure Flame            Conj/Fire      #.......     56%         3    ####...
 Mephitic Cloud           Conj/Pois/Air  #.......     56%         3    ####...
 Freezing Cloud           Conj/Ice/Air   #.........   100%        6    #######
 Ring of Flames           Chrm/Fire      #.........   100%        7    #######

Inventory:

Jewellery
 l - a +3 ring of dexterity (left paw)
 v - a +3 ring of protection (right paw)
Wands
 q - a wand of paralysis (1)
 u - a wand of random effects (17)
Scrolls
 f - a scroll of magic mapping {unknown}
 h - 5 scrolls of remove curse
 j - 4 scrolls of enchant armour {unknown}
 k - a scroll of teleportation {unknown}
 n - 2 scrolls of noise {unknown}
 o - 3 scrolls of blinking {unknown}
 p - 5 scrolls of identify {unknown}
 r - a scroll of amnesia {unknown}
 t - a scroll of immolation {unknown}
Potions
 a - 3 potions of haste {@q3}
 b - a potion of lignification {!q}
 c - 6 potions of curing {@q1}
 e - 4 potions of heal wounds {unknown}
 g - 2 potions of degeneration {unknown}
 m - 4 potions of flight {unknown}
 s - a potion of mutation {unknown}
 w - a potion of ambrosia {unknown}
Comestibles
 d - 8 rations

Dungeon Overview and Level Annotations

Branches:
Dungeon (8/15)             Temple (1/1) D:4
   Lair: D:8-11

Altars:
Ashenzari
Cheibriados
Dithmenos
Elyvilon
Fedhas
Gozag
Hepliaklqana
Kikubaaqudgha
Makhleb
Nemelex Xobeh
Okawaru
Qazlal
Ru
Sif Muna
Uskayaw
Vehumet
Wu Jian
Yredelemnul
Zin
The Shining One

Shops:
D:4 *   D:7 =

Annotations:
D:6 exclusion: door

▒▒▒▒▒▒▒▒▒▒▒▒▒▒▒▒▒▒▒▒
▒...................
▒.▒▒▒▒▒.▒▒▒▒▒▒▒▒▒▒▒▒
▒.▒.▒.▒.▒▒
▒........▒ ▒▒▒▒
▒.▒.▒.▒.▒▒ ▒%%.
▒.<......▒ ▒..?
▒▒▒.▒.▒.▒▒ ▒▒''
▒.h.....▒ ▒...
▒▒.▒.▒.▒▒ ▒...
▒.......▒ ▒%%P
▒▒.▒.▒.▒▒ ▒.%.
▒.......▒ ▒.≈.
▒▒.▒.▒.▒▒ ▒▒▒▒
▒▒▒▒.......▒ ▒
▒...▒.▒.▒.▒▒ ▒
▒.▒▒.......▒ ▒▒


There were no monsters in sight!


Message History

The yak is moderately wounded.
The yak gores you.
You scratch the yak.
The yak is heavily wounded.
You scratch the yak but do no damage.
The yak is heavily wounded.
The yak gores you!
You closely miss the yak.
The yak is moderately wounded.
The yak completely misses you.
You scratch the yak.
The yak is moderately wounded.
The yak gores you!
* * * LOW HITPOINT WARNING * * *
You scratch the yak.
The yak is heavily wounded.
The yak misses you.
You scratch the yak.
The yak is severely wounded.
You claw the yak!
The yak is almost dead.
The yak completely misses you.
You scratch the yak.
The yak is almost dead.
The yak gores you!
You die...
You are now level 9!
You rejoin the land of the living...
Unknown command.
Are you sure you want to abandon this character and quit the game? (Confirm with "yes".)

Action                   |  1- 3 |  4- 6 |  7- 9 | 10-12 || total
-------------------------+-------+-------+-------+-------++-------
Melee: Unarmed           |   159 |    33 |   288 |   101 ||   581
       Bite              |     5 |     1 |    28 |    11 ||    45
       Punch             |     3 |       |    15 |     6 ||    24
Invok: Heroism           |       |       |     1 |     4 ||     5
Evoke: Wand              |       |     2 |    21 |       ||    23
  Use: Scroll            |       |       |     1 |       ||     1
 Stab: Sleeping          |     8 |     5 |     7 |       ||    20
       Paralysed         |       |     3 |     8 |       ||    11
       Distracted        |       |       |     1 |       ||     1
  Eat: Chunk             |    11 |     2 |    17 |     4 ||    34
       Ration            |       |       |     1 |       ||     1
Armor: Skin              |    12 |     1 |    10 |     5 ||    28
Dodge: Dodged            |   120 |    12 |   185 |    74 ||   391

Levels and vault maps discovered:
D:1:      moated_graveyard_arrival, layout_basic
D:2:      layout_loops_corners, chequers_serial_rivers_room_b,
          minmay_crystal_room
D:3:      layout_loops_cross, lemuel_doored_altar, first_ration,
          uniq_crazy_yiuf_cottage
D:4:      layout_gridville, minmay_temple_entry_from_below_b, serial_shops,
          nicolae_shop_behind_doors, uniq_duvessa, uniq_sigmund
D:5:      layout_basic, glass_columns_a, kennysheep_donut,
          kennysheep_generic_room_9, uniq_blork_the_orc, uniq_grinder,
          uniq_pikel
D:6:      layout_basic, led_sif_book
D:7:      layout_gridville, okawaru_gym_becter, serial_shops,
          nicolae_shop_statue_plus
D:8:      layout_loops_cross, hangedman_ranch [blue_anna_fruit_fields],
          st_stairs_12, serial_bayou_pond_c, small_chamber_with_monster
Temple:   dpeg_five_rooms_temple

Notes
Turn   | Place    | Note
-------+----------+-------------------------------------------
     0 | D:1      | sanka the Felid Wanderer began the quest for the Orb.
     0 | D:1      | sanka set off with the following items: 2 potions of haste
                  | {@q3}, a potion of lignification {!q}, a potion of curing
                  | {@q1}, a ration
     0 | D:1      | Reached XP level 1. HP: 9/9 MP: 2/2
   290 | D:1      | Reached XP level 2. HP: 13/13 MP: 3/3
   607 | D:1      | Reached skill level 4 in Unarmed Combat
   861 | D:1      | Reached XP level 3. HP: 16/16 MP: 4/4
  3016 | D:3      | Reached XP level 4. HP: 19/19 MP: 5/5
  3053 | D:3      | Reached skill level 5 in Unarmed Combat
  3064 | D:3      | Found a hazy altar of Hepliaklqana.
  3377 | D:4      | Noticed Sigmund
  3379 | D:4      | Killed Sigmund
  3379 | D:4      | Reached skill level 6 in Unarmed Combat
  3379 | D:4      | Reached XP level 5. HP: 22/22 MP: 6/6
  3428 | D:4      | Found a staircase to the Ecumenical Temple.
  3434 | D:4      | Noticed an ogre
  3509 | D:4      | Found Caw Ewus's Assorted Antiques.
  3836 | D:4      | Noticed Dowan
  3837 | D:4      | Noticed Duvessa
  3840 | D:4      | Killed Dowan
  3840 | D:4      | Reached skill level 1 in Evocations
  3840 | D:4      | Gained mutation: You are covered in thick fur. (AC +2)
                  | [Felid growth]
  3840 | D:4      | Reached XP level 6. HP: 26/26 MP: 7/7
  3843 | D:4      | Killed Duvessa
  3843 | D:4      | Reached skill level 7 in Unarmed Combat
  3843 | D:4      | Reached skill level 2 in Evocations
  4226 | D:4      | Reached XP level 7. HP: 23/30 MP: 9/9
  4800 | D:4      | Bought a wand of paralysis (4) for 66 gold pieces
  4838 | D:5      | Entered Level 5 of the Dungeon
  4863 | D:5      | Noticed Pikel
  4874 | D:5      | Killed Pikel
  4874 | D:5      | Reached skill level 8 in Unarmed Combat
  4874 | D:5      | Reached skill level 4 in Evocations
  5428 | D:5      | Reached XP level 8. HP: 33/33 MP: 12/12
  5470 | D:5      | Noticed Grinder
  5478 | D:5      | Killed Grinder
  5478 | D:5      | Reached skill level 9 in Unarmed Combat
  5788 | Temple   | Entered the Ecumenical Temple
  6215 | D:5      | Reached skill level 10 in Unarmed Combat
  6488 | D:5      | Noticed Blork the orc
  6506 | D:5      | Killed Blork the orc
  6905 | D:6      | Reached skill level 3 in Dodging
  7164 | D:6      | Found a shimmering blue altar of Sif Muna.
  7255 | D:6      | Reached skill level 4 in Dodging
  7274 | D:6      | HP: 1/34 [orc priest/divine providence (9)]
  8371 | D:7      | Reached skill level 3 in Fighting
  8371 | D:7      | Reached skill level 5 in Dodging
  8371 | D:7      | Reached XP level 9. HP: 36/37 MP: 13/13
  8478 | D:6      | Reached skill level 5 in Evocations
  9233 | D:7      | Found an iron altar of Okawaru.
  9247 | D:7      | Became a worshipper of Warmaster Okawaru
  9364 | D:7      | Reached skill level 6 in Dodging
  9693 | D:7      | Found Deehown's Jewellery Boutique.
  9979 | D:7      | Bought a +3 ring of protection for 273 gold pieces
 10569 | D:3      | Found a runed translucent door.
 10570 | D:3      | Noticed Crazy Yiuf
 10577 | D:3      | Killed Crazy Yiuf
 10788 | D:7      | Reached skill level 4 in Fighting
 10788 | D:7      | Reached skill level 7 in Dodging
 10851 | D:8      | Noticed a gargoyle
 10858 | D:7      | Killed a gargoyle
 10858 | D:7      | Reached * piety under Okawaru
 10858 | D:7      | Reached skill level 8 in Dodging
 10982 | D:8      | Noticed a two-headed ogre
 10988 | D:8      | Killed a two-headed ogre
 10988 | D:8      | Reached ** piety under Okawaru
 10988 | D:8      | Reached skill level 11 in Unarmed Combat
 10988 | D:8      | Reached skill level 1 in Invocations
 11044 | D:7      | Reached skill level 9 in Dodging
 11051 | D:8      | Reached skill level 5 in Fighting
 11051 | D:8      | Reached XP level 10. HP: 44/44 MP: 12/14
 11195 | D:8      | Reached skill level 2 in Invocations
 11777 | D:8      | Slain by a yak
 11778 | D:8      | Reached XP level 9. HP: -1/40 MP: 13/13
 11778 | D:8      | Quit the game

Vanquished Creatures
  A two-headed ogre (D:8)
  Pikel (D:5)
  A gargoyle (D:7)
  Grinder (D:5)
  2 dream sheep (D:8)
  A yak (D:8)
  Sigmund (D:4)
  A hungry ghost (D:7)
  Duvessa (D:4)
  3 orc warriors
  An ice beast (D:7)
  A slave (D:5)
  A sky beast (D:6)
  4 ogres
  Blork the orc (D:5)
  2 big kobolds (D:8)
  4 bullfrogs
  3 scorpions
  Dowan (D:4)
  3 killer bees
  5 wights (D:8)
  2 crimson imps
  2 bullfrog skeletons
  A centaur skeleton (D:7)
  3 orc priests
  4 orc wizards
  Crazy Yiuf (D:3)
  3 iguanas
  4 worker ants
  A worker ant zombie (D:8)
  3 adders
  2 shadow imps (D:6)
  An adder zombie (D:8)
  A worm (D:4)
  A dart slug (D:1)
  4 leopard geckos
  10 orcs
  10 bats
  4 giant cockroaches
  8 goblins
  7 hobgoblins
  5 jackals
  11 kobolds
  3 quokkas
  2 frilled lizards (D:3)
  A leopard gecko zombie (D:6)
  A quokka skeleton (D:5)
  6 rats
  A fungus (D:3)
141 creatures vanquished.

Vanquished Creatures (others)
  A slave (D:5)
  A scorpion (D:5)
  A howler monkey (D:5)
  An orc (D:5)
  A frilled lizard (D:5)
  A plant (D:8)
6 creatures vanquished.

Grand Total: 147 creatures vanquished
